 Dungeon Crawl Stone Soup version 0.20-a0-633-gff4aa5c (webtiles) character file.

284 w00t the Skirmisher (level 6, -6/58 HPs)
             Began as a Deep Dwarf Fighter on Feb 11, 2017.
             Mangled by an ogre
             ... wielding a +0 giant club
              (14 damage)
             ... on level 4 of the Dungeon.
             The game lasted 00:03:03 (2196 turns).

w00t the Skirmisher (Deep Dwarf Fighter)            Turns: 2196, Time: 00:03:04

Health: -6/58      AC:  8    Str: 22    XL:     6   Next: 7%
Magic:  6/6        EV:  9    Int:  8    God:
Gold:   201        SH: 15    Dex: 12    Spells: 5/5 levels left

rFire    . . .     SeeInvis .   a - +0 war axe
rCold    . . .     Gourm    .   b - +0 scale mail
rNeg     . . .     Faith    .   c - +0 shield
rPois    .         Spirit   .   t - +0 helmet
rElec    .         Reflect  +   (no cloak)
rCorr    .         Harm     .   (no gloves)
MR       .....     Rnd*Tele +   (no boots)
Stlth    ..........             n - +6 amulet of reflection
Regen    0.0/turn               (no ring)
                                s - ring of teleportation (curse) {+/*tele, !d}

@: non-regenerating
A: damage resistance, heal wounds, sense surroundings 1, slow regeneration 3
a: Heal Wounds


You were on level 4 of the Dungeon.
You were not hungry.

You visited 1 branch of the dungeon, and saw 4 of its levels.

You collected 201 gold pieces.

Inventory:

Hand Weapons
 a - a +0 war axe (weapon)
Missiles
 j - 30 stones (quivered)
 p - 3 javelins
Armour
 b - a +0 scale mail (worn)
 c - a +0 shield (worn)
 t - a +0 helmet (worn)
Jewellery
 n - a +6 amulet of reflection (around neck)
 s - a cursed ring of teleportation (left hand) {+/*tele, !d}
Scrolls
 e - 6 scrolls of remove curse {unknown}
 g - a scroll of random uselessness {unknown}
 i - a scroll of enchant armour {unknown}
 l - a scroll of fog {unknown}
 m - 3 scrolls of identify {unknown}
 r - 2 scrolls of recharging {unknown}
 u - 3 scrolls of blinking {unknown}
Potions
 d - 4 potions of might
 h - 2 potions of flight {unknown}
 k - 4 potions of curing {unknown}
 q - a potion of brilliance {unknown}
Comestibles
 f - 6 bread rations
 o - 11 chunks of flesh


   Skills:
 + Level 4.7 Fighting
 - Level 2.1 Axes
 - Level 3.2 Armour
 + Level 4.6 Dodging
 - Level 3.2 Shields


You had 5 spell levels left.
You didn't know any spells.

Dungeon Overview and Level Annotations

Branches:
Dungeon (4/15)
 Temple: D:4-7

Altars:
Ru


Innate Abilities, Weirdness & Mutations

You are resistant to damage.
You can heal yourself by infusing magical energy.
You passively map a small area around you.
You do not regenerate.


Message History

* * * LOW HITPOINT WARNING * * *
You slash the ogre!
The ogre is moderately wounded.
You block the ogre's attack.
You completely miss the ogre.
The ogre is moderately wounded.
You block the ogre's attack.
Your shield and scale mail prevent you from hitting the ogre.
The ogre is moderately wounded.
The ogre closely misses you.
You hit the ogre but do no damage.
The ogre is moderately wounded.
The ogre hits you with a giant club!!
* * * LOW HITPOINT WARNING * * *
You hit the ogre.
The ogre is heavily wounded.
The ogre hits you with a giant club!
* * * LOW HITPOINT WARNING * * *
You fail to use your ability.
The ogre hits you with a giant club!!
You die...

* #.#.#### ,
*.# *
#......# #.#
*#...(..# ,
#.# .
#......# ,
#####.###
*..#......#
,* #.......#
#.#......# *
#.......#
#.#......# ,
#.......#
#.#......#
#..O@...#
#........#
#####.###
##.......#
#.#
###........#
#.#
#....>#.####
#.#
#.#.#.#.#
#.#
#.#<..#.#
#.#
#)#.###.####
#.#
#.#.###.....
#.#
#.#......##.


You could see an ogre.

Vanquished Creatures
  An ogre (D:4)
  Jessica (D:3)
  A worker ant (D:4)
  3 gnolls
  5 adders
  2 worms
  3 dart slugs
  A leopard gecko (D:1)
  2 ball pythons (D:3)
  5 giant cockroaches (D:1)
  9 goblins
  3 hobgoblins
  6 jackals
  8 kobolds
  10 bats
  4 frilled lizards
  9 rats
73 creatures vanquished.

Notes
Turn   | Place    | Note
-------+----------+-------------------------------------------
     0 | D:1      | w00t the Deep Dwarf Fighter began the quest for the Orb.
     0 | D:1      | Reached XP level 1. HP: 20/20 MP: 1/1
    91 | D:1      | Reached skill level 1 in Dodging
   165 | D:1      | Reached XP level 2. HP: 27/27 MP: 2/2
   652 | D:1      | Reached XP level 3. HP: 22/34 MP: 3/3
   991 | D:2      | Reached XP level 4. HP: 22/43 MP: 4/4
  1605 | D:3      | Found a sacrificial altar of Ru.
  1695 | D:3      | Noticed Jessica
  1699 | D:3      | Killed Jessica
  1699 | D:3      | Reached XP level 5. HP: 45/50 MP: 5/5
  2124 | D:4      | Noticed an ogre
  2132 | D:4      | Killed an ogre
  2132 | D:4      | Reached XP level 6. HP: 37/58 MP: 6/6
  2196 | D:4      | Mangled by an ogre

Vault maps used:
D:1:      scummos_arrival_star
D:3:      nicolae_ru_sacrificial_ziggurat, uniq_jessica
D:4:      first_bread

Skill      XL: |  1  2  3  4  5 |
---------------+----------------+-----
Dodging        | 1 2 3 4 |  4.6
Fighting       | 3 4 |  4.7
Axes           | |  2.1
Armour         | |  3.2
Shields        | |  3.2

Action                   |  1- 3 |  4- 6 || total
-------------------------+-------+-------++-------
Melee: War axe           |   117 |   119 ||   236
Throw: Stone             |    13 |    36 ||    49
 Abil: Heal Wounds       |       |     1 ||     1
  Eat: Chunk             |     1 |     4 ||     5
Armor: Scale mail        |    59 |    45 ||   104
Dodge: Dodged            |    44 |    53 ||    97
Block: Shield            |    97 |   128 ||   225
